 Dungeon Crawl Stone Soup version 0.26-b1-45-g23770d1d51 (webtiles) character file.

Game seed: 12674243586568682485

17652 DildoBatman the Geomancer (level 12, -5/85 (86) HPs)
             Began as a Formicid Conjurer on Jan 7, 2021.
             Was an Initiate of Gozag.
             Slain by a stone giant zombie (15 damage)
             ... animated by the malice of Kikubaaqudgha
             ... on level 2 of the Orcish Mines.
             The game lasted 00:57:08 (12455 turns).

DildoBatman the Geomancer (Formicid Conjurer)      Turns: 12455, Time: 00:57:09

HP:   -5/85 (86)    AC: 14    Str: 12    XL:     12   Next: 85%
MP:   15/22         EV: 14    Int: 23    God:    Gozag
Gold: 985           SH: 11    Dex: 18    Spells: 2/25 levels left

rFire    . . .     SeeInvis +   a - +4 falchion of Xesisih {venom, Dex+3}
rCold    . . .     Faith    .   Y - +0 kite shield
rNeg     + . .     Spirit   .   G - +2 robe {rN+}
rPois    +         Reflect  .   (helmet unavailable)
rElec    .         Harm     .   R - +2 cloak {rPois}
rCorr    .         Rampage  .   j - +0 pair of gloves
Will     +....                  i - +0 pair of boots
Stlth    ++........             m - amulet of magic regeneration
HPRegen  0.24/turn              H - +6 ring of dexterity
MPRegen  0.43/turn              F - +4 ring of protection

@: lightly drained
A: permanent stasis, dig shafts and tunnels, four strong arms, antennae 3
a: Dig, Shaft Self, Renounce Religion, Potion Petition, Call Merchant, Bribe
Branch


You were on level 2 of the Orcish Mines.
You worshipped Gozag.
Gozag was pleased with you.
You visited 3 branches of the dungeon, and saw 14 of its levels.
You also visited: Ossuary.

You collected 1456 gold pieces.
You paid 471 gold pieces to Gozag.

Inventory:

Hand Weapons
 a - the +4 falchion of Xesisih (weapon) {venom, Dex+3}
   (You found it on level 9 of the Dungeon)

   It poisons the flesh of those it strikes.
   It affects your dexterity (+3).
 b - a +2 spear of venom
 c - a +0 hunting sling
 d - a +5 war axe of freezing
Missiles
 n - 70 bolts
 o - 3 javelins
 s - 2 curare-tipped darts
 u - 109 sling bullets
 y - 151 arrows
 N - 347 stones
 T - 51 poisoned darts
 W - a throwing net
Armour
 i - a +0 pair of boots (worn)
 j - a +0 pair of gloves (worn)
 G - a +2 robe of positive energy (worn)
 R - a +2 cloak of poison resistance (worn)
 V - +0 acid dragon scales
 Y - a +0 kite shield (worn)
Jewellery
 g - an uncursed amulet of the acrobat
 m - an amulet of magic regeneration (around neck)
 v - an uncursed ring of protection from cold
 F - a +4 ring of protection (right hand)
 H - a +6 ring of dexterity (left hand)
Wands
 L - a wand of flame (27)
Scrolls
 f - a scroll of enchant weapon {unknown}
 l - 3 scrolls of immolation {unknown}
 p - a scroll of random uselessness {unknown}
 q - 2 scrolls of noise {unknown}
 t - 3 scrolls of amnesia {unknown}
 x - 7 scrolls of remove curse
 z - a scroll of identify
 A - 3 scrolls of fog {unknown}
 C - a scroll of magic mapping
 K - 2 scrolls of enchant armour {unknown}
 S - a scroll of blinking {unknown}
Potions
 e - 2 potions of heal wounds
 k - 11 potions of curing
 r - 4 potions of attraction
 w - 5 potions of lignification
 B - 2 potions of might
 D - 2 potions of brilliance
 O - a potion of magic
 Q - a potion of cancellation
 X - a potion of flight
 Z - a potion of invisibility


   Skills:
 - Level 5.0 Fighting
 - Level 1.0 Short Blades
 - Level 1.0 Polearms
 * Level 5.0 Armour
 * Level 3.0 Dodging
 - Level 2.4 Stealth
 - Level 9.0 Shields
 - Level 7.0 Spellcasting
 - Level 6.0 Conjurations
 * Level 9.0 Necromancy
 - Level 5.0 Fire Magic
 - Level 4.0 Air Magic
 * Level 11.0 Earth Magic
 - Level 4.0 Poison Magic


You had 2 spell levels left.
You knew the following spells:

 Your Spells              Type           Power        Failure   Level
a - Conjure Flame         Conj/Fire      33%          2%          3
b - Borgnjor's Vile Clut  Necr/Erth      26%          3%          5
c - Magic Dart            Conj           100%         1%          1
d - Vampiric Draining     Necr           24%          1%          3
e - Mephitic Cloud        Conj/Pois/Air  29%          3%          3
g - Searing Ray           Conj           70%          1%          2
h - Dispel Undead         Necr           49%          1%          4
z - Sublimation of Blood  Necr           24%          1%          2

Your spell library contained the following spells:

 Spells                   Type           Power        Failure   Level
 Animate Skeleton         Necr           98%          1%          1
 Pain                     Necr           100%         1%          1
 Shock                    Conj/Air       100%         1%          1
 Call Imp                 Summ           8%           12%         2
 Slow                     Hex            8%           12%         2
 Animate Dead             Necr           24%          1%          4
 Static Discharge         Conj/Air       31%          3%          3
 Agony                    Necr           49%          5%          5
 Excruciating Wounds      Necr           24%          5%          5
 Dazzling Flash           Conj/Hex       42%          7%          3
 Airstrike                Air            13%          14%         4
 Fulminant Prism          Conj/Hex       10%          22%         4
 Iskenderun's Mystic Bla  Conj/Tloc      21%          22%         4
 Lightning Bolt           Conj/Air       15%          26%         5
 Haunt                    Necr/Summ      14%          100%        7
 Borgnjor's Revivificati  Necr           24%          100%        8
 Infestation              Necr           24%          100%        8
 Necromutation            Tmut/Necr      14%          100%        8
 Death's Door             Necr           24%          100%        9
 Swiftness                Air            Unusable     N/A         2
 Blink                    Tloc           Unusable     N/A         2

Dungeon Overview and Level Annotations

Branches:
Dungeon (11/15)            Temple (1/1) D:4            Lair (0/6) D:11
    Orc (2/2) D:10            Elf (0/3) Orc:2       Ossuary (visited)

Altars:
Ashenzari
Cheibriados
Dithmenos
Elyvilon
Fedhas
Gozag
Hepliaklqana
Kikubaaqudgha
Makhleb
Nemelex Xobeh
Okawaru
Qazlal
Ru
Sif Muna
Trog
Uskayaw
Vehumet
Wu Jian
Xom
Yredelemnul
Zin
The Shining One

Shops:
D:7 :

Annotations:
D:11 exclusions: acid dragon, adder, boulder beetle, scorpion, sensed monster (detected) and wraith


Innate Abilities, Weirdness & Mutations

You cannot be hasted, slowed, berserked, paralysed or teleported.
You can dig through walls and to a lower floor.
Your four strong arms can wield two-handed weapons with a shield.
You have a pair of large antennae on your head. (SInv)


Message History

Aiming: Dispel Undead (dangerous; 1% risk of failure)
Press: ? - help, Shift-Dir - straight line, f - stone giant zombie
Aim: a stone giant zombie (flame, lightly damaged, 0% to evade)
The stone giant zombie is dispelled!!
The orc knight zombie misses you.
You riposte.
You barely miss the orc knight zombie.
The stone giant zombie is engulfed in blazing flames.
The stone giant zombie hits you!
Casting: Dispel Undead (dangerous; 1% risk of failure)
Confirm with . or Enter, or press ? or * to list all spells.
Aiming: Dispel Undead (dangerous; 1% risk of failure)
Press: ? - help, Shift-Dir - straight line, f/p - stone giant zombie
Aim: a stone giant zombie (flame, heavily damaged, 0% to evade)
The stone giant zombie is dispelled!!
You block the orc knight zombie's attack.
The stone giant zombie is engulfed in blazing flames.
The stone giant zombie hits you!
You die...
Your body crumbles into a pile of gold.

# ## .# ####
##.#######
#...##.#.####
.#......)...######
.#......####...Z@#
.......## ###.Z##
.......# ####
#...{.## ...o.##
......# .....##
$.....# >.....#


You could see an orc knight zombie and a stone giant zombie.

Vanquished Creatures
  3 two-headed ogres
  The ghost of Cykl0x the Carver, a novice FoFi of the Shining One (D:8)
  The ghost of lasso the Cleaver, a novice MiFi of Uskayaw (D:8)
  The ghost of destino the Frost Mage, a novice OpIE of Gozag (D:8)
  Pikel (D:6)
  3 orc sorcerers
  2 orc knights (Orc:2)
  Maurice (D:8)
  The ghost of kthxbai the Magician, a novice DEWz of Sif Muna (D:8)
  A centaur zombie (D:10)
  2 hornets
  Grinder (D:6)
  A polar bear (D:10)
  A wraith (D:11)
  20 yaks (D:10)
  3 wyverns
  3 wargs (D:10)
  An acid dragon (D:10)
  17 orc warriors
  A necrophage (D:9)
  3 ice beasts (D:10)
  2 phantoms (D:6)
  5 black bears
  2 sky beasts
  A centaur (D:6)
  10 ogres
  A lemure (D:6)
  2 wyvern zombies
  A bullfrog (D:6)
  A gnoll sergeant (D:6)
  A water moccasin zombie (Ossuary)
  A warg zombie (Orc:2)
  4 scorpions
  8 wights (D:10)
  2 troll zombies (Orc:2)
  3 warg skeletons (Orc:2)
  A troll skeleton (Orc:2)
  An electric eel (D:10)
  2 howler monkeys (D:9)
  A quasit (D:10)
  A bullfrog zombie (D:5)
  A centaur skeleton (D:8)
  3 hounds
  13 orc priests
  2 bullfrog skeletons
  A jelly (D:9)
  10 orc wizards
  3 iguanas
  8 worker ants
  2 ogre zombies (Orc:2)
  3 big kobold zombies (Ossuary)
  A hound skeleton (D:10)
  A killer bee simulacrum (D:10)
  2 mummies (Ossuary)
  2 howler monkey skeletons
  3 worker ant zombies
  5 gnolls (D:6)
  6 adders
  5 orc skeletons (Orc:2)
  2 shadow imps
  4 white imps
  6 adder zombies
  An adder skeleton (D:4)
  5 worms
  3 dart slugs
  6 leopard geckos
  40 orcs
  6 giant cockroaches
  2 gnoll zombies (Ossuary)
  8 goblins
  8 hobgoblins
  7 jackals
  5 quokkas
  2 ball pythons
  8 bats
  10 frilled lizards
  7 hobgoblin zombies (Ossuary)
  A jackal skeleton (D:9)
  5 kobolds
  8 kobold zombies (Ossuary)
  12 orc zombies
  2 quokka skeletons
  13 rats
360 creatures vanquished.

Vanquished Creatures (others)
  An electric eel (D:10)
  An orc zombie (Ossuary)
2 creatures vanquished.

Grand Total: 362 creatures vanquished

Notes
Turn   | Place    | Note
-------+----------+-------------------------------------------
     0 | D:1      | DildoBatman the Formicid Conjurer began the quest for the
                  | Orb.
     0 | D:1      | Reached XP level 1. HP: 13/13 MP: 3/3
   182 | D:1      | Reached XP level 2. HP: 19/19 MP: 3/5
   664 | D:2      | Reached XP level 3. HP: 24/24 MP: 2/7
   667 | D:2      | Learned a level 2 spell: Searing Ray
  1130 | D:2      | Reached XP level 4. HP: 30/30 MP: 6/8
  1232 | D:2      | Found a faded altar of an unknown god.
  1612 | D:3      | You fall into a shaft and drop 3 floors!
  1623 | D:5      | Entered Level 5 of the Dungeon
  1676 | D:4      | Reached skill level 5 in Conjurations
  1676 | D:4      | Reached XP level 5. HP: 35/35 MP: 3/9
  1780 | D:4      | Found a staircase to the Ecumenical Temple.
  1789 | Temple   | Entered the Ecumenical Temple
  1820 | Temple   | Became a worshipper of Kikubaaqudgha
  2327 | D:3      | Reached * piety under Kikubaaqudgha
  2327 | D:3      | Identified Kikubaaqudgha's Tome of Unholy Magic
                  | (Kikubaaqudgha gifted it to you on level 3 of the Dungeon)
  2327 | D:3      | Received a gift from Kikubaaqudgha
  2740 | D:4      | Reached XP level 6. HP: 41/41 MP: 1/11
  3380 | D:5      | Learned a level 2 spell: Sublimation of Blood
  3384 | D:5      | Learned a level 3 spell: Vampiric Draining
  3627 | D:5      | Reached XP level 7. HP: 47/47 MP: 7/13
  3643 | D:5      | Reached ** piety under Kikubaaqudgha
  3644 | D:5      | Reached skill level 1 in Fighting
  3644 | D:5      | Reached skill level 1 in Armour
  3765 | D:5      | Reached skill level 1 in Necromancy
  3936 | D:6      | Noticed Grinder
  4001 | D:6      | Reached XP level 8. HP: 32/56 MP: 5/15
  4058 | D:6      | Found a shadowy altar of Dithmenos.
  4094 | D:6      | Reached skill level 5 in Spellcasting
  4148 | D:6      | Noticed Pikel
  4163 | D:6      | Killed Pikel
  4164 | D:6      | Reached XP level 9. HP: 60/65 MP: 3/17
  4447 | D:6      | Learned a level 3 spell: Conjure Flame
  4451 | D:6      | Learned a level 3 spell: Mephitic Cloud
  4535 | D:6      | Killed Grinder
  4536 | D:6      | Reached skill level 1 in Fire Magic
  4536 | D:6      | Reached skill level 1 in Poison Magic
  4811 | D:7      | Reached skill level 5 in Armour
  4994 | D:7      | Reached skill level 1 in Air Magic
  4998 | D:7      | Reached *** piety under Kikubaaqudgha
  4998 | D:7      | Identified Kikubaaqudgha's Reference Book on Unholy Magic
                  | (Kikubaaqudgha gifted it to you on level 7 of the Dungeon)
  4998 | D:7      | Received a gift from Kikubaaqudgha
  5006 | D:7      | Learned a level 4 spell: Dispel Undead
  5378 | D:7      | Found Itanunaf's Book Shoppe.
  5636 | D:8      | Reached skill level 5 in Fighting
  5641 | D:8      | Found a runed translucent gate.
  5641 | D:8      | Found a runed translucent gate.
  5641 | D:8      | Noticed destino's ghost (novice OpIE)
  5642 | D:8      | Noticed lasso's ghost (novice MiFi)
  5642 | D:8      | Noticed Cykl0x's ghost (novice FoFi)
  5643 | D:8      | Found a runed translucent gate.
  5643 | D:8      | Noticed kthxbai's ghost (novice DEWz)
  5657 | D:8      | Noticed a hornet
  5687 | D:8      | Killed a hornet
  5695 | D:8      | Reached XP level 10. HP: 63/74 MP: 0/20
  5725 | D:8      | Reached skill level 5 in Necromancy
  5726 | D:8      | Noticed a two-headed ogre
  5746 | D:8      | Noticed Maurice
  5797 | D:8      | Killed a two-headed ogre
  5837 | D:8      | Killed Maurice
  5847 | D:8      | Found a sand-covered staircase.
  5866 | Ossuary  | Entered an ossuary
  5993 | Ossuary  | Reached **** piety under Kikubaaqudgha
  6262 | D:8      | Learned a level 5 spell: Borgnjor's Vile Clutch
  6424 | D:8      | Reached skill level 1 in Earth Magic
  6517 | D:8      | Reached ***** piety under Kikubaaqudgha
  6965 | D:9      | Reached skill level 2 in Earth Magic
  7072 | D:9      | Got a smoking falchion
  7073 | D:9      | Identified the +4 falchion of Xesisih {venom, Dex+3} (You
                  | found it on level 9 of the Dungeon)
  7365 | D:9      | Reached skill level 1 in Polearms
  7822 | D:9      | Reached skill level 1 in Short Blades
  8054 | D:10     | Entered Level 10 of the Dungeon
  8060 | D:10     | Noticed a two-headed ogre
  8090 | D:10     | Killed a two-headed ogre
  8091 | D:10     | Reached skill level 5 in Fire Magic
  8091 | D:10     | Reached skill level 3 in Earth Magic
  8091 | D:10     | Reached XP level 11. HP: 79/79 MP: 4/21
  8169 | D:10     | Reached skill level 4 in Earth Magic
  8327 | D:10     | Noticed a two-headed ogre
  8363 | D:10     | Killed a two-headed ogre
  8364 | D:10     | Reached skill level 5 in Earth Magic
  8418 | D:10     | Reached skill level 6 in Earth Magic
  8556 | D:10     | Found a staircase to the Orcish Mines.
  8679 | D:10     | Reached skill level 7 in Earth Magic
  8759 | D:10     | Reached skill level 8 in Earth Magic
  8854 | D:10     | Reached XP level 12. HP: 63/86 MP: 6/22
  8857 | D:10     | Reached skill level 9 in Earth Magic
  9425 | Orc:1    | Entered Level 1 of the Orcish Mines
 10010 | Orc:2    | Entered Level 2 of the Orcish Mines
 10010 | Orc:2    | Found a burning altar of Makhleb.
 10057 | Orc:2    | Reached ****** piety under Kikubaaqudgha
 10058 | Orc:2    | Reached skill level 10 in Earth Magic
 10063 | Orc:1    | Received a gift from Kikubaaqudgha
 10298 | Orc:2    | Reached skill level 5 in Shields
 10477 | Orc:2    | Noticed an orc high priest
 10666 | D:11     | Noticed a boulder beetle
 10718 | D:11     | Found a staircase to the Lair.
 10876 | D:11     | Noticed a two-headed ogre
 10881 | D:11     | Fell from the grace of Kikubaaqudgha
 11087 | Temple   | Became a worshipper of Gozag Ym Sagoz the Greedy
 11342 | D:8      | Killed Cykl0x's ghost
 11359 | D:8      | Killed destino's ghost
 11362 | D:8      | Killed lasso's ghost
 11373 | D:8      | Killed kthxbai's ghost
 11374 | D:8      | Reached skill level 11 in Earth Magic
 12288 | Orc:2    | Found a staircase to the Elven Halls.
 12455 | Orc:2    | Slain by a stone giant zombie

Illustrated notes

Levels and vault maps discovered:
D:1:      lemuel_arrival_cross, layout_basic
D:2:      layout_basic, chequers_ecumenical_altar_island
D:3:      layout_basic, nrook_mini_vaults, minivault_19
D:4:      layout_cave_pods, minmay_temple_entry_statues_fountains,
          chequers_serial_rivers_micro_a, chequers_serial_rivers_large_a
D:5:      layout_basic, kennysheep_cross_bottleneck, st_stairs_10, minivault_14,
          minivault_11, hex_intersection
D:6:      layout_rooms, grunt_dithmenos_shadows, minmay_misc_feat_x,
          uniq_grinder, uniq_pikel
D:7:      layout_gridville, serial_shops, shop, kennysheep_nondescript
D:8:      layout_loops_ring, gammafunk_ghost_cemetery,
          nicolae_ossuary_entry_plus, uniq_maurice
D:9:      layout_grid_maze
D:10:     layout_basic, minmay_orc_entry_guard_dogs, serial_ice, serial_ice_m,
          serial_ice_n, serial_ice_j, serial_ice_a
D:11:     layout_long_grid, lair_entry_dummy, minmay_quadrilaterals, uniq_grum,
          uniq_gastronok, uniq_josephine
Temple:   roderic_octagonal_lattice_temple
Orc:1:    layout_caves
Orc:2:    grunt_orc_cross, layout_caves, bloody_makhleb

Skill      XL: |  1  2  3  4  5  6  7  8  9 10 11 12 |
---------------+-------------------------------------+-----
Conjurations   | 4 5 6 |  6.0
Spellcasting   | 3 4 5 6 7 |  7.0
Dodging        | 2 3 |  3.0
Fighting       | 2 4 5 |  5.0
Armour         | 2 4 5 |  5.0
Necromancy     | 2 3 4 6 9 |  9.0
Fire Magic     | 2 5 |  5.0
Poison Magic   | 3 4 |  4.0
Air Magic      | 1 4 |  4.0
Earth Magic    | 3 8 11 | 11.0
Polearms       | 1 |  1.0
Short Blades   | 1 |  1.0
Shields        | 2 3 9 |  9.0
Stealth        | |  2.4

Action                   |  1- 3 |  4- 6 |  7- 9 | 10-12 || total
-------------------------+-------+-------+-------+-------++-------
Melee: Flail             |       |       |    43 |    57 ||   100
       Spear             |       |       |       |    95 ||    95
       Falchion          |       |       |       |   304 ||   304
 Cast: Magic Dart        |    69 |   114 |    35 |     3 ||   221
       Searing Ray       |       |    24 |    39 |    11 ||    74
       Mephitic Cloud    |       |       |     1 |    60 ||    61
       Conjure Flame     |       |       |       |    65 ||    65
       Dispel Undead     |       |       |       |    28 ||    28
       Borgnjor's Vile C |       |       |       |     4 ||     4
       Vampiric Draining |       |       |       |    23 ||    23
       Sublimation of Bl |       |       |       |     5 ||     5
Invok: Receive Necronomi |       |       |       |     1 ||     1
       Renounce Religion |       |       |       |     1 ||     1
 Abil: Dig               |       |     5 |    12 |    46 ||    63
  Use: Scroll            |       |     6 |     1 |    13 ||    20
       Potion            |       |       |       |     1 ||     1
 Stab: Distracted        |       |       |     1 |       ||     1
       Sleeping          |       |       |     2 |     3 ||     5
       Confused          |       |       |       |    30 ||    30
Armor: Robe              |       |     3 |     2 |    56 ||    61
       Leather armour    |       |       |    28 |    95 ||   123
Dodge: Dodged            |     1 |    19 |    48 |   228 ||   296
Block: Buckler           |       |       |       |    34 ||    34
       Kite shield       |       |       |       |    68 ||    68
       Rpst.: Falchion   |       |       |       |    49 ||    49
